 Dungeon Crawl Stone Soup version 0.26-a0-21-gf97e55dc39 (webtiles) character file.

Game seed: 9575317884078216194, levelgen mode: deterministic

1159 xccam the Slinger (level 8, -11/52 HPs)
             Began as a Halfling Hunter on May 26, 2020.
             Was a Follower of Okawaru.
             Mangled by an orc warrior
             ... wielding a +0 trident
              (22 damage)
             ... on level 4 of the Dungeon.
             The game lasted 00:08:08 (4129 turns).

xccam the Slinger (Halfling Hunter)                 Turns: 4129, Time: 00:08:09

Health: -11/52     AC:  5    Str: 13    XL:     8   Next: 66%
Magic:  8/8        EV: 19    Int:  9    God:    Okawaru [*.....]
Gold:   161        SH:  0    Dex: 17    Spells: 7/7 levels left

rFire    . . .     SeeInvis .   a - +2 hunting sling (freeze)
rCold    . . .     Gourm    .   (shield restricted)
rNeg     . . .     Faith    .   l - +0 ring mail
rPois    .         Spirit   .   (no helmet)
rElec    .         Reflect  .   w - scarf {repulsion}
rCorr    .         Harm     .   (no gloves)
MR       .....                  (no boots)
Stlth    +.........             (no amulet)
HPRegen  0.17/turn              q - +4 ring of evasion
MPRegen  0.11/turn              (no ring)

@: repel missiles
A: small, mutation resistance 1
a: Heroism, Renounce Religion


You were on level 4 of the Dungeon.
You worshipped Okawaru.
Okawaru was aware of your devotion.
You were hungry.

You visited 2 branches of the dungeon, and saw 5 of its levels.

You collected 161 gold pieces.

Inventory:

Hand Weapons
 a - a +2 hunting sling of freezing (weapon)
 b - a +0 short sword
 n - a +0 club
Missiles
 d - 47 sling bullets
 e - 132 stones (quivered)
Armour
 l - a +0 ring mail (worn)
 t - a +0 scale mail
 w - a scarf of repulsion (worn)
Jewellery
 q - a +4 ring of evasion (left hand)
 s - a cursed amulet of guardian spirit {unknown}
Wands
 r - a wand of flame (18)
Scrolls
 c - a scroll of identify
 g - 3 scrolls of remove curse
 h - a scroll of fog {unknown}
 k - a scroll of magic mapping {unknown}
 o - a scroll of random uselessness {unknown}
 p - a scroll of fear {unknown}
 u - a scroll of teleportation {unknown}
Potions
 i - 3 potions of curing
 j - 2 potions of mutation {unknown}
 m - a potion of heal wounds {unknown}
 v - a potion of stabbing {unknown}
Comestibles
 f - 3 rations


   Skills:
 + Level 3.5 Fighting
 - Level 12.0 Slings
 + Level 3.5 Armour
 + Level 4.3 Dodging
 - Level 1.1 Stealth


You had 7 spell levels left.
You didn't know any spells.
Your spell library was empty.

Dungeon Overview and Level Annotations

Branches:
Dungeon (4/15)             Temple (1/1) D:4

Altars:
Ashenzari
Cheibriados
Dithmenos
Elyvilon
Fedhas
Gozag
Kikubaaqudgha
Makhleb
Nemelex Xobeh
Okawaru
Qazlal
Ru
Sif Muna
Uskayaw
Vehumet
Wu Jian
Xom
Yredelemnul
Zin


Innate Abilities, Weirdness & Mutations

You are small and have problems with some larger weapons.
You are somewhat resistant to further mutation.


Message History

Firing (i - inventory. (/) - cycle)
e - 135 stones (quivered)
Press: ? - help, Shift-Dir - straight line, f/p - orc warrior
Aim: an orc warrior, wielding a +0 trident and wearing a +2 plate armour of magic resistance (almost dead)
You shoot a stone.
The stone hits the orc warrior but does no damage.
The orc warrior is almost dead.
The orc warrior hits you from afar with a +0 trident!
* * * LOW HITPOINT WARNING * * *
Firing (i - inventory. (/) - cycle)
e - 134 stones (quivered)
Press: ? - help, Shift-Dir - straight line, f/p - orc warrior
Aim: an orc warrior, wielding a +0 trident and wearing a +2 plate armour of magic resistance (almost dead)
You shoot a stone.
The stone barely misses the orc warrior.
Firing (i - inventory. (/) - cycle)
e - 133 stones (quivered)
Press: ? - help, Shift-Dir - straight line, f/p - orc warrior
Aim: an orc warrior, wielding a +0 trident and wearing a +2 plate armour of magic resistance (almost dead)
You shoot a stone.
The stone barely misses the orc warrior.
The orc warrior hits you from afar with a +0 trident!!
You die...

#.# #.# ###
..# ... ###
.. . ###.#
.......
....#..
....(.(######
#.(>(@.)).#
.......####.#
.#####o #.#
.. #.# (.#
#.# .. (..
#.# ... ....
###.# ...
..(.. #...#
#.. #.###


You could see an orc warrior.

Vanquished Creatures
  3 yaks (D:4)
  2 ogres (D:4)
  A scorpion (D:4)
  A hound (D:2)
  A bullfrog skeleton (D:4)
  2 orc wizards (D:4)
  3 worker ants
  A hound skeleton (D:4)
  7 gnolls
  15 adders
  2 oozes (D:2)
  3 dart slugs
  A leopard gecko (D:1)
  9 orcs (D:4)
  2 ball pythons (D:2)
  12 bats
  5 giant cockroaches
  12 goblins
  7 hobgoblins
  5 jackals
  2 quokkas
  6 frilled lizards
  11 kobolds
  4 rats
117 creatures vanquished.

Notes
Turn   | Place    | Note
-------+----------+-------------------------------------------
     0 | D:1      | xccam the Halfling Hunter began the quest for the Orb.
     0 | D:1      | Reached XP level 1. HP: 14/14 MP: 1/1
   107 | D:1      | Reached skill level 6 in Slings
   124 | D:1      | Reached XP level 2. HP: 13/19 MP: 2/2
   376 | D:1      | Reached skill level 7 in Slings
   376 | D:1      | Reached XP level 3. HP: 24/24 MP: 3/3
  1119 | D:2      | Reached XP level 4. HP: 29/29 MP: 4/4
  1140 | D:2      | Reached skill level 8 in Slings
  1304 | D:2      | Reached XP level 5. HP: 34/34 MP: 5/5
  1471 | D:2      | Found a burning altar of Makhleb.
  1479 | D:2      | Reached skill level 9 in Slings
  1919 | D:3      | Reached XP level 6. HP: 39/39 MP: 6/6
  1927 | D:3      | Reached skill level 10 in Slings
  3111 | D:4      | Reached skill level 11 in Slings
  3111 | D:4      | Reached XP level 7. HP: 42/44 MP: 7/7
  3151 | D:4      | Found a snail-covered altar of Cheibriados.
  3279 | D:4      | Found a staircase to the Ecumenical Temple.
  3332 | Temple   | Entered the Ecumenical Temple
  3436 | Temple   | Became a worshipper of Warmaster Okawaru
  3507 | D:4      | Found a radiant altar of Vehumet.
  3586 | D:4      | Reached skill level 12 in Slings
  3658 | D:4      | Noticed a yak
  3658 | D:4      | Noticed a yak
  3659 | D:4      | Noticed a yak
  3673 | D:4      | Killed a yak
  3673 | D:4      | Reached skill level 1 in Armour
  3673 | D:4      | Reached XP level 8. HP: 51/51 MP: 8/8
  3686 | D:4      | Killed a yak
  3702 | D:4      | Killed a yak
  3702 | D:4      | Reached * piety under Okawaru
  3910 | D:4      | Found a white marble altar of Elyvilon.
  4129 | D:4      | Mangled by an orc warrior

Illustrated notes

Levels and vault maps discovered:
D:1:      dpeg_arrival_round_c, layout_basic, serial_forest,
          infiniplex_forest_lined_2, infiniplex_forest_clump_double,
          infiniplex_forest_lined_room_, infiniplex_forest_straight_2
D:2:      layout_rooms, makhleb_blood_cavern_becter, first_ration, minmay_puff
D:3:      layout_loops_corners
D:4:      layout_loops_cross, vehumet_altar_wand_db, cheibriados_altar_1,
          elyvilon_altar_5, minmay_temple_entry_drinking_statues
Temple:   regret_index_temple_waves

Skill      XL: |  1  2  3  4  5  6  7  8 |
---------------+-------------------------+-----
Slings         | 6 7 8 9 11 12 | 12.0
Fighting       | 2 3 |  3.5
Armour         | 1 3 |  3.5
Dodging        | 3 4 |  4.3
Stealth        | |  1.1

Action                   |  1- 3 |  4- 6 |  7- 9 || total
-------------------------+-------+-------+-------++-------
Melee: Short sword       |     9 |       |       ||     9
 Fire: Hunting sling     |    55 |   175 |   174 ||   404
  Use: Scroll            |       |     2 |       ||     2
  Eat: Chunk             |       |     5 |       ||     5
       Ration            |       |       |     1 ||     1
Armor: Leather armour    |     3 |       |       ||     3
       Ring mail         |       |    14 |     6 ||    20
Dodge: Dodged            |    22 |    29 |    32 ||    83

Table legend:
 A = Non-vault XP
 B = Vault XP
 C = Vault XP percentage of total XP
 D = Non-vault monster count
 E = Vault monster count
 F = Vault count percentage of total count
                 A         B        C        D         E       F
            +---------+---------+-------+---------+---------+-------
      Total |    1596 |      60 |   3.6 |     112 |       5 |   4.3
            +---------+---------+-------+---------+---------+-------
        D:1 |      60 |       0 |   0.0 |      27 |       0 |   0.0
        D:2 |     112 |      59 |  34.5 |      33 |       4 |  10.8
        D:3 |     182 |       0 |   0.0 |      20 |       0 |   0.0
        D:4 |    1242 |       1 |   0.1 |      32 |       1 |   3.0
            +---------+---------+-------+---------+---------+-------
